 Dungeon Crawl Stone Soup version 0.27-a0-1557-g57f10a385c (webtiles) character file.

Game seed: 1336383887594901738

1571 ipx the Digger (level 8, -15/41 HPs)
             Began as a Deep Elf Earth Elementalist on July 15, 2021.
             Was an Initiate of Ashenzari.
             Hit by a large rock thrown by a cyclops (35 damage)
             ... on level 9 of the Dungeon.
             The game lasted 00:54:34 (3169 turns).

ipx the Digger (Deep Elf Earth Elementalist)        Turns: 3169, Time: 00:54:34

Health: -15/41     AC:  5    Str:  5    XL:     8   Next: 59%
Magic:  19/19      EV: 12    Int: 23    God:    Ashenzari [......]
Gold:   223        SH:  0    Dex: 15    Spells: 8/19 levels left

rFire    . . .     SeeInvis .   W - 3 potions of haste
rCold    . . .     Faith    .   (no shield)
rNeg     . . .     Spirit   .   s - +0 leather armour {rPois}
rPois    +         Reflect  .   e - +1 helmet "Lashed With Me" {Alch, Cun} (curse)
rElec    .         Harm     .   (no cloak)
rCorr    .         Rampage  .   (no gloves)
Will     .....                  (no boots)
Stlth    ++........             (no amulet)
HPRegen  0.13/turn              (no ring)
MPRegen  0.16/turn              (no ring)

@: no status effects
A: no striking features
a: Renounce Religion, Shatter the Chains


You were on level 9 of the Dungeon.
You worshipped Ashenzari.
Ashenzari was noncommittal.
You visited 2 branches of the dungeon, and saw 10 of its levels.
You also visited: Ossuary.

You collected 223 gold pieces.

Inventory:

Hand Weapons
 a - a +1 dagger of venom
 b - a +1 vampiric dagger
 Q - a +0 dagger of distortion
Missiles
 c - 160 stones
 h - 2 javelins
 i - 15 boomerangs
Armour
 e - the cursed +1 helmet "Lashed With Me" (worn) {Alch, Cun}
   (You found it on level 2 of the Dungeon)

   It has a curse which improves the following skills: Alchemy: Poison Magic and
   Transmutations.
   Cunning:   Dodging and Stealth.
 s - a +0 leather armour of poison resistance (worn)
 t - a +0 buckler
Jewellery
 l - a ring of flight
Wands
 f - a wand of flame (3)
 v - a wand of charming (5)
 A - a wand of polymorph (6)
 B - a wand of iceblast (9)
Scrolls
 g - a scroll of summoning
 k - a scroll of fog
 n - a scroll of fear
 o - a scroll of enchant weapon
 p - a scroll of brand weapon
 u - a scroll of immolation
 z - a scroll of teleportation
Potions
 d - a potion of attraction
 m - 2 potions of invisibility
 q - 2 potions of berserk rage
 r - a potion of lignification
 y - 2 potions of cancellation
 W - 3 potions of haste (in hand)


   Skills:
 - Level 2.4(2.8) Dodging
 - Level 2.4(2.8) Stealth
 + Level 1.2 Shields
 - Level 6.0 Spellcasting
 - Level 4.0 Conjurations
 - Level 1.1(1.4) Transmutations
 - Level 2.0 Air Magic
 + Level 7.8 Earth Magic
 + Level 4.8(5.3) Poison Magic
 - Level 4.0 Evocations


You had 8 spell levels left.
You knew the following spells:

 Your Spells              Type           Power      Damage    Failure   Level
c - Mephitic Cloud        Conj/Pois/Air  24%        N/A       9%          3
r - Stone Arrow           Conj/Erth      68%        3d11      3%          3
u - Poisonous Vapours     Pois/Air       46%        N/A       4%          2
w - Passwall              Tmut/Erth      23%        N/A       3%          2
z - Sandblast             Erth           84%        2d18      1%          1

Your spell library contained the following spells:

 Spells                   Type           Power      Damage    Failure   Level
 Sting                    Tmut/Pois      88%        1d7       3%          1
 Olgreb's Toxic Radiance  Pois           31%        N/A       16%         4
 Dazzling Flash           Conj/Hex       32%        N/A       19%         3
 Swiftness                Air            16%        N/A       19%         3
 Petrify                  Tmut/Erth      28%        N/A       22%         4
 Frozen Ramparts          Ice            12%        1d3       38%         3
 Portal Projectile        Hex/Tloc       12%        N/A       38%         3
 Hailstorm                Conj/Ice       16%        3d6       52%         4
 Iskenderun's Mystic Bla  Conj/Tloc      16%        2d5       52%         4
 Ice Form                 Ice/Tmut       10%        N/A       71%         4
 Summon Ice Beast         Ice/Summ       6%         N/A       80%         4
 Freezing Cloud           Conj/Ice/Air   8%         6-21      86%         5
 Blade Hands              Tmut           6%         N/A       91%         5
 Excruciating Wounds      Necr           3%         N/A       98%         5
 Invisibility             Hex            3%         N/A       100%        6
 Simulacrum               Ice/Necr       3%         N/A       100%        6
 Starburst                Conj/Fire      8%         8x6d4     100%        6


Dungeon Overview and Level Annotations

Branches:
Dungeon (9/15)             Temple (1/1) D:7            Lair (0/6) D:8
Ossuary (visited)
    Orc: D:9-12

Altars:
Ashenzari
Elyvilon
Fedhas
Gozag
Hepliaklqana
Makhleb
Nemelex Xobeh
Okawaru
Qazlal
Ru
Sif Muna
Trog
Vehumet
Wu Jian
Xom
Yredelemnul
Zin
The Shining One

Annotations:
D:3 exclusion: ice beast


Message History

Ashenzari invites you to partake of a vision and a curse of alchemy and cunning.
Annotate which branch? (. - D:9, ? - help, ! - show branch list)
Okay, then.
Okay, then.
Unknown command.
As you read the scroll of enchant armour, it crumbles to dust.
Your +0 helmet glows green for a moment.
Your +1 helmet glows black for a moment.
Unknown command.
Unknown command.
Found a short silver wand.
Found 16 gold pieces.
A basilisk, a manticore, an ugly thing, a two-headed ogre, a cyclops, a wizard and an efreet come into view.
The efreet is wielding a +0 scimitar of flaming.
The wizard shouts!
The cyclops shouts!
You hear a roar!
You hear a shout! x2
You hear a roar!
A four-headed hydra comes into view.
A manticore comes into view.
You hear a roar!
The white ugly thing gurgles horribly!
The two-headed ogre shouts in stereo!
Okay, then.
You hear two shouts!
Press: ? - help, v - describe, . - travel
Here: a white ugly thing The floor.
Unknown command.
Press: ? - help, v - describe, . - travel
Here: a four-headed hydra The floor.
Okay, then.
Unknown command.
Press: ? - help, v - describe, . - travel
Here: a white ugly thing The floor.
As you read the scroll of fear, it crumbles to dust.
You assume a fearsome visage.
The white ugly thing looks frightened!
The four-headed hydra looks frightened!
A seven-headed hydra comes into view.
The cyclops throws a large rock.
The large rock hits you!!
Ouch! That really hurt!
You die...

###### .... #..#
#..#
.#.$#####..##
.......C....#####
..####.####.@.<.#
..p #.###.# #/C..
#.# ## #..l. #.#
....R8 ..#
..#.☼HH #.#
..#..O. #.# #..


You could see a cyclops.

Vanquished Creatures
  A hornet (D:8)
  A wyvern (D:7)
  A water moccasin (D:7)
  An orc warrior (D:8)
  An ogre (D:6)
  A phantom (D:7)
  A centaur (D:6)
  A scorpion (D:7)
  A wyvern zombie (D:8)
  A water moccasin skeleton (D:4)
  3 killer bees (D:7)
  A gnoll shaman (D:4)
  2 hounds (D:6)
  2 iguanas (D:7)
  6 orc wizards
  A hound skeleton (D:5)
  4 adders
  8 gnolls
  A white imp (D:7)
  3 worms
  A dart slug (D:2)
  15 orcs
  2 endoplasms (D:2)
  6 goblins
  9 hobgoblins
  6 jackals
  2 kobolds
  A quokka (D:3)
  3 ball pythons
  5 bats
  2 frilled lizards
  2 rats
95 creatures vanquished.

Vanquished Creatures (others)
  An orc wizard (D:8)
  An orc (D:8)
  6 toadstools (D:3)
8 creatures vanquished.

Grand Total: 103 creatures vanquished

Notes
Turn   | Place    | Note
-------+----------+-------------------------------------------
     0 | D:1      | ipx the Deep Elf Earth Elementalist began the quest for the
                  | Orb.
     0 | D:1      | Reached XP level 1. HP: 10/10 MP: 6/6
   178 | D:1      | Reached XP level 2. HP: 11/15 MP: 0/8
   195 | D:1      | Reached skill level 4 in Earth Magic
   198 | D:1      | Learned a level 2 spell: Passwall
   364 | D:2      | Learned a level 2 spell: Poisonous Vapours
   451 | D:2      | Reached XP level 3. HP: 19/19 MP: 4/9
   650 | D:2      | Reached skill level 1 in Poison Magic
   726 | D:3      | Reached skill level 1 in Air Magic
   837 | D:3      | Noticed an ice beast
  1106 | D:4      | Reached XP level 4. HP: 24/24 MP: 3/11
  1211 | D:3      | Reached XP level 5. HP: 28/28 MP: 0/12
  1300 | D:4      | Reached skill level 5 in Earth Magic
  1387 | D:4      | Found a sand-covered staircase.
  1390 | D:5      | Entered Level 5 of the Dungeon
  1540 | D:5      | Noticed an ogre
  1640 | Ossuary  | Entered an ossuary
  1855 | D:6      | Noticed a centaur
  1861 | D:6      | Killed a centaur
  1862 | D:6      | Reached XP level 6. HP: 30/32 MP: 11/15
  1867 | D:6      | Learned a level 3 spell: Stone Arrow
  1908 | D:6      | Reached skill level 5 in Spellcasting
  2074 | D:6      | Reached skill level 1 in Conjurations
  2240 | D:5      | Reached XP level 7. HP: 36/36 MP: 11/16
  2286 | D:5      | Reached skill level 6 in Earth Magic
  2618 | D:7      | Found a staircase to the Ecumenical Temple.
  2627 | Temple   | Entered the Ecumenical Temple
  2668 | Temple   | Became a worshipper of Ashenzari the Shackled
  2733 | D:7      | Noticed a wyvern
  2749 | D:7      | Reached skill level 1 in Evocations
  2763 | D:7      | Learned a level 3 spell: Mephitic Cloud
  2856 | D:8      | Reached XP level 8. HP: 24/41 MP: 2/19
  2915 | D:8      | Found a staircase to the Lair.
  2971 | D:7      | Reached skill level 7 in Earth Magic
  3116 | D:8      | Noticed a hornet
  3119 | D:8      | Killed a hornet
  3120 | D:8      | Reached skill level 1 in Shields
  3163 | D:9      | Noticed a wizard
  3163 | D:9      | Noticed a white ugly thing
  3163 | D:9      | Noticed a cyclops
  3163 | D:9      | Noticed an efreet
  3163 | D:9      | Noticed a manticore
  3163 | D:9      | Noticed a two-headed ogre
  3163 | D:9      | Noticed a four-headed hydra
  3163 | D:9      | Noticed a manticore
  3167 | D:9      | Noticed a seven-headed hydra
  3169 | D:9      | Hit by a large rock thrown by a cyclops

Illustrated notes

Levels and vault maps discovered:
D:1:      psy_arrival_whirlpool, layout_basic,
          dreamdust_ecumenical_altar_sealed_demon, serial_park_tiny_2,
          wander_ebering_terrifying_dragon_lair
D:2:      layout_basic
D:3:      cheibrodos_fertilizer, layout_loops_corners, minmay_misc_feat_tiny,
          minmay_fountain_box, kennysheep_generic_room_10
D:4:      layout_layer_cave, lightli_ossuary_entry_decrepit_ruins,
          minmay_fractal_squares_diagonal_5
D:5:      layout_loops_corners, uniq_crazy_yiuf_cottage
D:6:      layout_loops_ring
D:7:      layout_rooms, minmay_temple_entry_grid, kennysheep_decorative_pillar
D:8:      layout_cave_pods, lair_entry_dummy, lightli_minifort
D:9:      layout_rooms, nicolae_dithmenos_through_a_glass_darkly,
          kennysheep_cross_bottleneck, minivault_28
Temple:   compressed_dpeg_triangle_lava_temple

Skill      XL: |  1  2  3  4  5  6  7  8 |
---------------+-------------------------+-----
Earth Magic    | 4 5 6 7 |  7.8
Poison Magic   | 1 2 3 4 |  4.8
Air Magic      | 1 2 |  2.0
Spellcasting   | 4 5 6 |  6.0
Conjurations   | 1 3 4 |  4.0
Evocations     | 2 4 |  4.0
Shields        | 1 |  1.2
Dodging        | |  2.4
Stealth        | |  2.4
Transmutations | |  1.1

Action                   |  1- 3 |  4- 6 |  7- 9 || total
-------------------------+-------+-------+-------++-------
Melee: Unarmed           |     1 |       |       ||     1
 Cast: Sandblast         |    47 |    50 |    41 ||   138
       Poisonous Vapours |    17 |    28 |    21 ||    66
       Passwall          |     1 |     1 |     1 ||     3
       Stone Arrow       |       |       |     3 ||     3
Invok: Curse Item        |       |       |     1 ||     1
Evoke: Wand              |       |       |    12 ||    12
  Use: Scroll            |       |     5 |     2 ||     7
Armor: Robe              |     6 |     3 |       ||     9
Dodge: Dodged            |    11 |    24 |    10 ||    45

Table legend: (Time is in decaauts)
 A = Elapsed time spent in this place.
 B = Non-inter-level travel time spent in this place.
 C = Inter-level travel time spent in this place.
 D = Time resting spent in this place.
 E = Time spent auto-exploring this place.
 F = Levels seen in this place.
 G = Mean time per level.
                   A        B        C        D        E       F      G
               +--------+--------+--------+--------+--------+-----+--------+
         Total |   3232 |   3130 |    102 |      0 |      0 |  11 |  293.8 |
       Dungeon |   3165 |   3081 |     84 |      0 |      0 |   9 |  351.7 |
        Temple |     60 |     42 |     18 |      0 |      0 |   1 |   60.0 |
       Ossuary |      5 |      5 |      0 |      0 |      0 |   1 |    5.0 |
               +--------+--------+--------+--------+--------+-----+--------+

Top non-repeatable levels by time:
     D:5: 726 daAuts
     D:4: 505 daAuts
     D:2: 400 daAuts
     D:6: 394 daAuts
     D:3: 334 daAuts
     D:1: 311 daAuts
     D:8: 261 daAuts
     D:7: 215 daAuts
  Temple: 60 daAuts
     D:9: 15 daAuts
 Ossuary: 5 daAuts
